 Dungeon Crawl Stone Soup version 0.30-b1-2-g02819fbbbe (webtiles) character file.

Game seed: 6230783091071069387

474666 ketsa the Eclecticist (level 25, -4/211 HPs)
             Began as a Djinni Conjurer on June 1, 2023.
             Was a High Priest of Ashenzari.
             Slain by a deep troll (17 damage)
             ... while paralysed by a floating eye
             ... on level 4 of the Depths on June 2, 2023.
             The game lasted 06:05:31 (59506 turns).

ketsa the Eclecticist (Djinni Conjurer)            Turns: 59506, Time: 06:05:32

Health: -4/211     AC: 26    Str:  8    XL:     25   Next: 98%
Gold:   3775       EV:  2    Int: 36    God:    Ashenzari [*****.] SH:  0 Dex: 14

rFire   + + +        y - +9 staff of Olgreb {rPois∞, Evo, Self} (curse)
rCold   . . .        M - +2 buckler "Prison of Ashenzari" {AC+3, Self, Evo} (curse)
rNeg    . . .        N - +6 acid dragon scales of the Lashed Heavens {rCorr, Self, Fort} (curse)
rPois   ∞            F - +2 helmet of Ashenzari's Planets {Self, Melee} (curse)
rElec   .            r - +0 cloak of Ashenzari's Adversity {Self, Fort} (curse)
rCorr   +            i - +2 pair of gloves "At What Cost Knowledge?" {Self, Range} (curse)
SInv    +            (boots unavailable)
Will    ++...        H - amulet "Wusesics" {rF++ Regen+ Int+2}
Stlth   +++++        W - ring of Ashenzari's Soothsayer {rC+, Self, Melee} (curse)
HPRegen 1.35/turn    B - +6 ring of intelligence
MPRegen 0.00/turn

%: clarity, infuse magic (-5 HP)
@: paralysed, flying
A: sickness immunity, fire resistance 2, cold vulnerability 1, float, innate
caster, HP casting, extra vitality 1, subdued magic 1
}: 2/15 runes: decaying, gossamer
a: Renounce Religion, Evoke the Staff of Olgreb, Curse Item, Shatter the Chains


You were on level 4 of the Depths.
You worshipped Ashenzari.
Ashenzari was extremely pleased with you.
You visited 12 branches of the dungeon, and saw 48 of its levels.
You also visited: Volcano.

You collected 7139 gold pieces.
You spent 3364 gold pieces at shops.

Inventory:

Hand Weapons
 n - the +7 mace "Lueme" {heavy, rF++ rN++ SInv}
   (You found it on level 2 of the Crypt)

   rF:        It greatly protects you from fire.
   rN:        It greatly protects you from negative energy.
   SInv:      It lets you see invisible.
 w - the +5 sling "Jeuxiaba" {flame, rElec rPois rC+ rCorr}
   (You took it off an orc warrior on level 3 of the Elven Halls)

   rC:        It protects you from cold.
   rElec:     It insulates you from electricity.
   rPois:     It protects you from poison.
   rCorr:     It protects you from acid and corrosion.
 y - the cursed +9 staff of Olgreb (weapon) {rPois∞, Evo, Self}
   (You found it on level 6 of the Dungeon)

   It enhances your poison magic.
   It grants immunity to poison.
   It can be activated via the 'a'bility menu to radiate toxic energy, with
   effectiveness depending on Evocations skill.
   It has a curse which improves the following skills: Evocations: Evocations.
   Introspection: Fighting and Spellcasting.
 P - the +2 hand axe "Wualainn" {flame, Will+}
   (You found it on level 1 of the Spider Nest)

   Will:      It increases your willpower.
Missiles
 S - 4 throwing nets
 Y - 9 curare-tipped darts
Armour
 i - the cursed +2 pair of gloves "At What Cost Knowledge?" (worn) {Self, Range}
   (You found it on level 5 of the Dungeon)

   It has a curse which improves the following skills: Introspection: Fighting
   and Spellcasting.
   Ranged Combat: Ranged Weapons and Throwing.
 r - the cursed +0 cloak of Ashenzari's Adversity (worn) {Self, Fort}
   (You found it on level 2 of the Lair of Beasts)

   It has a curse which improves the following skills: Introspection: Fighting
   and Spellcasting.
   Fortitude: Armour and Shields.
 F - the cursed +2 helmet of Ashenzari's Planets (worn) {Self, Melee}
   (You found it on level 5 of the Dungeon)

   It has a curse which improves the following skills: Introspection: Fighting
   and Spellcasting.
   Melee Combat: Short Blades, Long Blades, Axes, Maces & Flails, Polearms,
   Staves and Unarmed Combat.
 M - the cursed +2 buckler "Prison of Ashenzari" (worn) {AC+3, Self, Evo}
   (You bought it in a shop on level 2 of the Orcish Mines)

   It has a curse which improves the following skills: Introspection: Fighting
   and Spellcasting.
   Evocations: Evocations.
 N - the cursed +6 acid dragon scales of the Lashed Heavens (worn) {rCorr, Self, Fort}
   (You found it on level 10 of the Dungeon)

   rCorr:     It protects you from acid and corrosion.
   It has a curse which improves the following skills: Introspection: Fighting
   and Spellcasting.
   Fortitude: Armour and Shields.
Magical Staves
 c - a staff of conjuration
Jewellery
 o - a +6 ring of intelligence
 t - a ring of wizardry
 x - a ring of protection from fire
 B - a +6 ring of intelligence (right hand)
 C - a ring of willpower
 H - the amulet "Wusesics" (around neck) {rF++ Regen+ Int+2}
   (You took it off a skeletal warrior on level 3 of the Crypt)

   [amulet of regeneration]

   Int:       It affects your intelligence (+2).
   rF:        It greatly protects you from fire.
   Regen:     It increases your rate of health regeneration.
 J - the ring "Jaan" {rPois rN++ Will+ Str-2 Stlth+}
   (You found it on level 4 of the Vaults)

   [ring of willpower]

   Str:       It affects your strength (-2).
   rPois:     It protects you from poison.
   rN:        It greatly protects you from negative energy.
   Will:      It increases your willpower.
   Stlth:     It makes you more stealthy.
 R - an amulet of reflection
 W - the cursed ring of Ashenzari's Soothsayer (left hand) {rC+, Self, Melee}
   (You found it on level 1 of the Lair of Beasts)

   [ring of protection from cold]

   rC:        It protects you from cold.
   It has a curse which improves the following skills: Introspection: Fighting
   and Spellcasting.
   Melee Combat: Short Blades, Long Blades, Axes, Maces & Flails, Polearms,
   Staves and Unarmed Combat.
Wands
 a - a wand of digging (10)
 k - a wand of mindburst (18)
 l - a wand of flame (44)
 E - a wand of quicksilver (12)
 I - a wand of paralysis (55)
 O - a wand of polymorph (9)
 V - a wand of iceblast (32)
Scrolls
 b - 7 scrolls of fear
 g - 6 scrolls of vulnerability
 h - 4 scrolls of magic mapping
 v - 12 scrolls of enchant weapon
 A - a scroll of blinking
 D - 14 scrolls of fog
 G - 8 scrolls of poison
 L - 22 scrolls of teleportation
 U - a scroll of summoning
Potions
 d - 14 potions of lignification
 e - 13 potions of brilliance
 f - 12 potions of curing
 j - 11 potions of might
 p - 3 potions of heal wounds
 q - 10 potions of ambrosia
 u - 4 potions of invisibility
 z - 9 potions of cancellation
 K - 7 potions of haste
 T - 2 potions of resistance
 X - 4 potions of berserk rage
 Z - 8 potions of mutation
Miscellaneous
 m - a condenser vane
 s - a box of beasts
 Q - a phantom mirror


   Skills:
 - Level 19.0(26.2) Fighting
 - Level 1.1(9.4) Polearms
 - Level 15.0(18.1) Staves
 - Level 4.3(6.3) Throwing
 - Level 8.4(11.6) Armour
 + Level 19.0 Dodging
 - Level 13.9 Stealth
 + Level 12.6(15.7) Shields
 + Level 20.0(27) Spellcasting
 - Level 8.6(11.8) Evocations


You knew the following spells:

 Your Spells              Type           Power      Damage    Failure   Level
a - Magic Dart            Conj           100%       1d8       0%          1
b - Searing Ray           Conj           100%       2d8       0%          2
c - Dazzling Flash        Conj/Hex       100%       N/A       0%          3
d - Fulminant Prism       Conj/Hex       56%        3d25      0%          4
e - Iskenderun's Mystic   Conj/Tloc      100%       2d19      0%          4
f - Slow                  Hex            100%       N/A       0%          1
g - Ensorcelled Hibernat  Hex/Ice        100%       N/A       0%          2
h - Lesser Beckoning      Tloc           100%       N/A       0%          2
i - Summon Lightning Spi  Summ/Air       100%       N/A       0%          4
j - Blade Hands           Tmut           56%        N/A       0%          5
k - Fireball              Conj/Fire      56%        3d22      0%          5
l - Death Channel         Necr           56%        N/A       0%          6
m - Summon Hydra          Summ           56%        N/A       0%          7
n - Plasma Beam           Fire/Air       56%        2x1d78    0%          6
o - Orb of Destruction    Conj           56%        9d14      0%          7
p - Disjunction           Tloc           56%        N/A       1%          8
q - Polar Vortex          Ice            56%        N/A       1%          9
Your spell library was empty.

Dungeon Overview and Level Annotations

Branches:
Dungeon (15/15) Zot: 25280  Temple (1/1) D:7 Zot: 5664    Lair (5/5) D:11 Zot: 20500
  Swamp (4/4) Lair:3 Zot: 20369  Spider (4/4) Lair:2 Zot: 18912   Slime (1/5) Lair:4 Zot: 5998
    Orc (2/2) D:12 Zot: 10037     Elf (3/3) Orc:2 Zot: 13851  Vaults (5/5) D:13 Zot: 23961
  Crypt (3/3) Vaults:2 Zot: 13542    Tomb (1/3) Crypt:3 Zot: 5956  Depths (4/4) D:15 Zot: 19767
Volcano (visited)
    Zot: Depths:4

Altars:
Ashenzari
Cheibriados
Dithmenos
Elyvilon
Fedhas
Gozag
Hepliaklqana
Makhleb
Nemelex Xobeh
Okawaru
Qazlal
Ru
Trog
Uskayaw
Wu Jian
Xom
Yredelemnul
Zin
The Shining One
Jiyva

Shops:
D:4 =   D:7 *   Orc:1 (   Orc:2 ??[=   Elf:3 !?(:   Vaults:1 [   Vaults:4 (
Depths:1 *:[*   Depths:3 (:=:

Portals:
Hell: Depths:1 Depths:2 Depths:3
Abyss: Depths:3
Pandemonium: Depths:1 Depths:2
Ziggurat: Depths:4
Trove: Depths:1 (give 3 potions of resistance)

Annotations:
Lair:3 exclusion: downstairs
Spider:1 exclusion: downstairs
Elf:1 2 transporters, Dataggej's ghost, adept MiBe
Elf:2 3 runed translucent doors
Elf:3 exclusion: door
Vaults:2 exclusion: downstairs
Vaults:4 exclusion: 3 downstairs


Innate Abilities, Weirdness & Mutations

You are immune to sickness and miasma.
You are immune to poison.
Your flesh is very heat resistant. (rF++)
You are vulnerable to cold. (rC-)
You float through the air rather than walking.
You learn spells naturally, not from books.
Your magical power is your life essence.
You have superior vitality. (+4 MHP)
Your spells are a little easier to cast, but a little less powerful.


Message History

The deep troll closely misses you.
Casting: Plasma Beam (safe; 0% risk of failure)
Confirm with . or Enter, or press ? or * to list all spells.
Casting: Plasma Beam (safe; 0% risk of failure)
Press: ? - help, Dir - look around, f - activate The bolt of lightning hits the deep troll shaman!
The deep troll shaman is almost dead.
The bolt of lightning hits the sphinx.
The sphinx is almost dead.
The bolt of lightning hits the iron troll!!
The iron troll is moderately wounded.
The fiery plasma hits the deep troll shaman!!!
You kill the deep troll shaman!
The fiery plasma hits the sphinx!!
You kill the sphinx!
The fiery plasma hits the iron troll!!
The iron troll resists.
The iron troll is severely wounded.
The deep troll bites you! You block the deep troll's attack. x2
The floating eye seems to glare at you. The deep troll bites you!!
* * * LOW HITPOINT WARNING * * *
The deep troll claws you but does no damage. x2
The floating eye gazes piercingly through you!
You suddenly lose the ability to move!
The deep troll bites you!
* * * LOW HITPOINT WARNING * * *
The deep troll claws you!
* * * LOW HITPOINT WARNING * * *
The deep troll claws you.
* * * LOW HITPOINT WARNING * * *
The floating eye seems to glare at you.
The floating eye gazes piercingly through you!
You shrug off the repeated paralysis!
The deep troll completely misses you.
The deep troll claws you but does no damage. x2
The deep troll bites you.
* * * LOW HITPOINT WARNING * * *
The deep troll claws you.
* * * LOW HITPOINT WARNING * * *
The deep troll claws you!
You die...

* ~ * ##. #....).....#
#.### * *...##,#[(........#
#.##. **
*,.#...,#[########.####..'.
,* ,
####..#T##≈≈≈≈##.'....##. ,
, ..G#..#.##≈≈≈≈##.#######.
, *,,* .∩G##...##≈≈≈≈##.#
#. ,* *,
*.GG#..#.##≈≈≈≈##.# #. *
*####.#..########.# #. **
.#.....T@........# #.
**...############### ##
###*


You could see an iron troll, a great orb of eyes, a deep troll (fast, strong)
and 2 floating eyes.

Vanquished Creatures
  3 dread liches (Crypt:3)
  An ancient lich (Crypt:3)
  Mara (Swamp:4)
  A juggernaut (Depths:4)
  Sojobo (Vaults:3)
  Josephina (Depths:2)
  A curse toe (Crypt:3)
  Arachne (Spider:2)
  A bone dragon (Crypt:3)
  A tentacled monstrosity (Depths:3)
  Zenata (Vaults:1)
  A lich (Depths:4)
  2 deep elf master archers (Elf:3)
  2 deep elf blademasters (Elf:3)
  The ghost of Wueresid the Spry, an adept DEHW of Sif Muna (Vaults:3)
  6 sphinxes
  6 ancient champions
  A thorn hunter (Swamp:2)
  Agnes (Elf:1)
  4 tengu reavers
  Donald (Crypt:1)
  A fenstrider witch (Swamp:2)
  A revenant (Crypt:2)
  Roxanne (Spider:1)
  3 deep elf sorcerers
  5 fire giants
  2 emperor scorpions
  2 curse skulls (Crypt:2)
  5 frost giants
  9 vault wardens
  Louise (Swamp:4)
  A cacodemon (Depths:2)
  3 deep elf elementalists (Elf:3)
  4 ghost moths
  11 ironbound preservers
  6 ghouls
  2 reapers
  An orc warlord (Vaults:1)
  A war gargoyle (Vaults:3)
  8 stone giants
  4 ironbound thunderhulks
  23 very ugly things
  A juggernaut skeleton (Crypt:2)
  Azrael (Spider:2)
  4 vampire knights
  12 deep elf demonologists
  6 deep elf annihilators (Elf:3)
  2 eleionomae
  2 bunyips
  7 spark wasps
  4 dire elephants
  7 eidola
  A crystal guardian (Vaults:3)
  5 ettins
  10 deep elf death magi
  4 deep elf high priests
  Snorg (Lair:3)
  4 jiangshi
  4 shambling mangroves
  8 yaktaur captains
  12 great orbs of eyes
  An entropy weaver (shapeshifter) (Elf:2)
  Harold (D:11)
  5 entropy weavers
  4 ice dragons
  5 fire dragons
  Fannar (D:11)
  4 vault guards
  14 hydras
  A peacekeeper (Vaults:3)
  An ogre mage (D:10)
  3 jorogumos
  A ghost crab (Swamp:1)
  2 catoblepae
  13 centaur warriors
  A spriggan air mage (Depths:2)
  A death knight (Crypt:1)
  A two-headed ogre (D:14)
  3 boulder beetles
  2 fenstrider witch skeletons
  6 ironbound frosthearts
  4 dancing weapons
  5 death yaks (Lair:5)
  8 deep troll earth magi
  5 deep troll shamans
  7 vampire magi
  3 tengu warriors
  3 hell hogs (Depths:2)
  Urug (Lair:1)
  6 orc high priests
  3 sun demons
  The ghost of MrCrawl the Merchant of Misery, a novice DsNe of Kikubaaqudgha (D:10)
  4 spriggan berserkers
  9 deep elf knights
  4 soul eaters
  7 iron trolls
  3 shadow wraiths (Crypt:2)
  A nameless horror (D:15)
  A sun moth (Spider:4)
  22 skeletal warriors
  A bunyip zombie (Crypt:2)
  7 goliath frogs
  3 pharaoh ants (Spider:4)
  A sixfirhy (Depths:2)
  52 deep trolls
  6 flayed ghosts
  3 spriggan druids
  A glowing orange brain (shapeshifter) (Elf:3)
  A glowing orange brain (Depths:1)
  7 orb spiders
  An anaconda zombie (Crypt:2)
  A shadow dragon zombie (Crypt:2)
  6 swamp dragons
  6 bog bodies
  3 steelbarb worms
  An anaconda skeleton (Crypt:2)
  9 deep elf archers
  13 ironbound convokers
  A bunyip skeleton (Crypt:3)
  13 harpies
  25 deep elf zephyrmancers
  An obsidian statue (D:10)
  7 phantasmal warriors
  9 wizards
  5 necromancers
  6 orc knights
  33 ugly things
  21 deep elf pyromancers
  7 wolf spiders
  4 lindwurms
  6 orc sorcerers
  A will-o-the-wisp (Swamp:2)
  3 moths of wrath
  2 cyclopes
  5 manticores
  An iron dragon skeleton (Crypt:1)
  12 elephants
  Maurice (D:9)
  12 vault sentinels
  A centaur zombie (D:11)
  A rust devil (Depths:1)
  A naga mage (D:15)
  3 torpor snails
  A black mamba (shapeshifter) (Vaults:4)
  4 demonic crawlers
  A storm dragon simulacrum (Depths:2)
  A kobold demonologist (D:12)
  A cane toad (shapeshifter) (Elf:3)
  10 cane toads
  2 smoke demons (Volcano)
  6 black mambas
  3 komodo dragons
  A naga skeleton (Crypt:1)
  2 centaur skeletons
  A steelbarb worm zombie (Crypt:1)
  2 freezing wraiths
  2 unseen horrors
  4 rime drakes
  A grey draconian zombie (Crypt:1)
  An efreet (D:15)
  A golden dragon simulacrum (Depths:2)
  17 yaktaurs
  2 harpy zombies
  3 tengu conjurers (Depths:2)
  An ice devil (Depths:2)
  4 trolls
  A meliai (shapeshifter) (Elf:1)
  2 tyrant leeches
  5 polar bears
  A merfolk (shapeshifter) (Elf:3)
  A harpy skeleton (Crypt:2)
  14 hornets
  14 blink frogs
  Grinder (D:3)
  6 dream sheep (Lair:5)
  10 tarantellas
  A death drake skeleton (Crypt:1)
  17 flying skulls (Crypt:1)
  12 culicivoras
  9 slime creatures
  2 frost giant simulacra (Depths:2)
  4 air elementals
  5 jumping spiders
  A black mamba zombie (Crypt:3)
  A jumping spider (shapeshifter) (Elf:3)
  A yak (shapeshifter) (D:15)
  23 spriggans
  5 vampires
  4 water elementals
  A black mamba skeleton (Crypt:3)
  6 shadows
  2 ynoxinuls (Depths:2)
  Grum (D:11)
  24 yaks
  7 wraiths
  A culicivora (shapeshifter) (Elf:2)
  A basilisk (Lair:5)
  4 fire elementals
  4 wyverns
  2 chaos spawn (Depths:2)
  A golden eye (shapeshifter) (Elf:2)
  3 steam dragons
  9 vampire mosquitoes
  45 redbacks
  A deep troll zombie (Crypt:2)
  A merfolk zombie (Crypt:3)
  12 swamp worms
  15 water moccasins
  4 wargs
  A demonspawn zombie (Crypt:3)
  2 acid dragons
  5 hell hounds
  2 naga zombies (Crypt:2)
  A fire bat skeleton (Crypt:3)
  A floating eye (Depths:3)
  24 orc warriors
  A faun skeleton (Crypt:1)
  2 ice beasts
  6 swamp drakes
  8 black bears
  Pargi (D:4)
  A manticore zombie (Crypt:2)
  3 ettin simulacra (Depths:2)
  A sky beast (D:6)
  14 boggarts
  6 ogres
  38 wolves
  2 swamp dragon skeletons
  3 centaurs
  2 dream sheep skeletons
  A vine stalker zombie (Crypt:1)
  9 bullfrogs
  6 necrophages
  12 scorpions
  A glowing shapeshifter simulacrum (Depths:2)
  3 wights (D:7)
  2 spriggan zombies (Crypt:1)
  22 killer bees
  2 howler monkeys
  An electric eel (Lair:3)
  5 jellies
  6 hounds
  12 orc priests
  3 gnoll boudas (D:5)
  Terence (D:3)
  2 sleepcaps
  Jessica (D:2)
  A boggart zombie (Crypt:2)
  5 iguanas
  21 orc wizards
  A boggart skeleton (Crypt:3)
  An acid dragon skeleton (Crypt:3)
  A hound zombie (Crypt:2)
  A howler monkey zombie (D:11)
  17 gnolls
  5 adders
  A shadow imp (D:5)
  A white imp (D:5)
  An ufetubus (D:4)
  A worm zombie (Crypt:2)
  2 worms
  7 dart slugs
  59 orcs
  A bat skeleton (Crypt:1)
  5 endoplasms
  3 giant cockroaches
  6 goblins
  4 hobgoblins
  3 jackals (D:4)
  5 quokkas
  15 ball pythons
  2 bats
  2 frilled lizards
  A gnoll zombie (Crypt:2)
  A jackal zombie (Crypt:3)
  9 kobolds
  An orc zombie (Crypt:2)
  3 rats (D:1)
  A bush (Lair:3)
1452 creatures vanquished.

Vanquished Creatures (collateral kills)
  Nikola (Swamp:4)
  Rupert (D:13)
  A sphinx (Vaults:3)
  A rockslime (Lair:4)
  An emperor scorpion (Spider:4)
  A ghost moth (Spider:4)
  A deep elf elementalist (Elf:3)
  An ironbound preserver (Vaults:2)
  A broodmother (Spider:3)
  A very ugly thing (Vaults:1)
  An ironbound thunderhulk (Vaults:2)
  Nessos (D:13)
  A dire elephant (Vaults:3)
  2 eleionomae
  A bunyip (Swamp:3)
  3 spark wasps
  2 deep elf death magi
  An entropy weaver (Spider:1)
  A deep elf high priest (Vaults:2)
  6 hydras
  2 jiangshi (Crypt:1)
  A great orb of eyes (Vaults:2)
  7 vault guards (D:13)
  3 jorogumos (Spider:4)
  2 radroaches
  An alligator (Swamp:2)
  A centaur warrior (D:14)
  4 boulder beetles
  2 tengu warriors
  10 dancing weapons
  2 two-headed ogres
  3 deep elf knights
  An orc high priest (Elf:1)
  A soul eater (Crypt:2)
  6 skeletal warriors
  A sun moth (Spider:4)
  A sixfirhy (Depths:2)
  A pharaoh ant (Spider:2)
  A sea snake (shapeshifter) (Elf:2)
  2 goliath frogs
  2 spriggan druids
  2 phantasmal warriors
  3 deep elf archers (Elf:2)
  5 orb spiders
  2 bog bodies (Lair:3)
  2 steelbarb worms
  3 ironbound convokers
  15 wolf spiders
  An orc knight (D:10)
  A lindwurm (Vaults:4)
  4 deep elf pyromancers
  6 deep elf zephyrmancers
  12 ugly things
  2 will-o-the-wisps
  An elephant (Lair:5)
  2 centaur zombies (D:11)
  A vault sentinel (Vaults:1)
  2 black mambas (Lair:1)
  2 demonic crawlers (Spider:3)
  An alligator snapping turtle zombie (Crypt:2)
  A komodo dragon (Lair:2)
  A yaktaur (D:15)
  A torpor snail (Spider:2)
  A freezing wraith (Crypt:1)
  A tengu conjurer (D:15)
  A hydra zombie (Crypt:3)
  A harpy zombie (Crypt:1)
  4 tyrant leeches
  A meliai (Spider:4)
  8 tarantellas
  8 hornets
  An alligator zombie (Crypt:2)
  4 blink frogs
  13 slime creatures
  2 vampires (D:11)
  3 culicivoras
  An air elemental (Elf:1)
  6 jumping spiders
  3 yaks
  A wraith (Crypt:1)
  A shadow (D:11)
  A spriggan (shapeshifter) (Elf:1)
  A water elemental (Elf:1)
  A wyvern (Lair:1)
  5 spriggans
  3 fire elementals
  A hog (shapeshifter) (D:14)
  2 basilisks
  33 redbacks
  A steam dragon (Volcano)
  5 swamp worms
  3 water moccasins
  A hell hound (Volcano)
  A black bear (D:11)
  3 orc warriors
  3 centaurs (D:14)
  A boggart (Vaults:1)
  A wolf (Lair:3)
  2 kobold brigands
  2 earth elementals
  6 howler monkeys
  2 orc priests (D:11)
  4 orc wizards
  A worm (Lair:2)
  7 orcs
  2 giant cockroaches (Lair:2)
  A kobold (D:11)
306 creatures vanquished.

Vanquished Creatures (others)
  An alligator (Swamp:4)
  A goliath frog (Swamp:4)
  A bloated husk (Swamp:3)
  A hornet (Swamp:4)
  2 tarantellas (Spider:2)
  2 spriggans (Swamp:4)
  A fire elemental (Spider:2)
  2 vampire mosquitoes (Swamp:4)
  A boggart (Vaults:4)
  24 foxfires
  288 fulminant prisms
  44 fungi
  122 plants
  9 withered plants (D:11)
499 creatures vanquished.

Grand Total: 2257 creatures vanquished

Notes
Turn   | Place    | Note
-------+----------+-------------------------------------------
     0 | D:1      | ketsa the Djinni Conjurer began the quest for the Orb.
     0 | D:1      | ketsa set off with the following spells memorised: Magic
                  | Dart, Searing Ray, Dazzling Flash, Fulminant Prism,
                  | Iskenderun's Mystic Blast.
     0 | D:1      | Reached XP level 1. HP: 15/15 MP: 0/0
   125 | D:1      | Reached XP level 2. HP: 17/21 MP: 0/0
   463 | D:1      | Reached XP level 3. HP: 24/25 MP: 0/0
   463 | D:1      | Learned a level 1 spell: Slow
   738 | D:1      | Reached skill level 4 in Spellcasting
   938 | D:2      | Noticed Jessica
   949 | D:2      | Killed Jessica
   950 | D:2      | Reached XP level 4. HP: 19/31 MP: 0/0
  1318 | D:2      | You are sucked into a shaft and drop 1 floor!
  1529 | D:3      | Noticed Terence
  1548 | D:3      | Killed Terence
  1549 | D:3      | Reached XP level 5. HP: 19/35 MP: 0/0
  1549 | D:3      | Learned a level 2 spell: Ensorcelled Hibernation
  1699 | D:3      | Noticed Grinder
  1709 | D:3      | Paralysed by Grinder for 3 turns
  2270 | D:3      | Found a faded altar of an unknown god.
  2760 | D:4      | Reached skill level 5 in Spellcasting
  2954 | D:4      | Noticed Pargi
  2966 | D:4      | Killed Pargi
  2967 | D:4      | Reached XP level 6. HP: 19/40 MP: 0/0
  3240 | D:4      | Reached skill level 6 in Spellcasting
  3316 | D:4      | Found Heleih's Jewellery Emporium.
  3555 | D:5      | Entered Level 5 of the Dungeon
  3568 | D:5      | Reached XP level 7. HP: 41/45 MP: 0/0
  3568 | D:5      | Learned a level 2 spell: Lesser Beckoning
  4125 | D:5      | Reached skill level 7 in Spellcasting
  4170 | D:5      | Reached XP level 8. HP: 36/50 MP: 0/0
  4393 | D:5      | Reached skill level 1 in Fighting
  4970 | D:5      | Noticed a two-headed ogre
  5196 | D:5      | Reached XP level 9. HP: 54/64 MP: 0/0
  5196 | D:5      | Learned a level 4 spell: Summon Lightning Spire
  5375 | D:5      | Reached skill level 5 in Fighting
  5832 | D:5      | Reached skill level 8 in Spellcasting
  7093 | D:6      | Found a runed translucent door.
  7094 | D:6      | Found a runed translucent gate.
  7094 | D:6      | Found a runed translucent gate.
  7103 | D:6      | Found a runed translucent door.
  7104 | D:6      | Found the +9 staff of Olgreb {rPois∞}
  7124 | D:6      | Found a runed translucent gate.
  7528 | D:7      | Reached skill level 1 in Shields
  7637 | D:7      | Found Acumiheo's Overcharged Wands.
  7654 | D:7      | Found a staircase to the Ecumenical Temple.
  7667 | Temple   | Entered the Ecumenical Temple
  7991 | Temple   | Became a worshipper of Ashenzari the Shackled
  8478 | D:8      | Reached XP level 10. HP: 71/75 MP: 0/0
  8945 | D:9      | Noticed Maurice
  8952 | D:9      | Killed Maurice
 10219 | D:10     | Entered Level 10 of the Dungeon
 10219 | D:10     | Found a runed translucent gate.
 10219 | D:10     | Found a runed translucent gate.
 10219 | D:10     | Found a runed translucent gate.
 10230 | D:10     | Found an opulent altar of Gozag.
 10230 | D:10     | Noticed an obsidian statue
 10365 | D:10     | Reached skill level 5 in Shields
 10375 | D:10     | Reached skill level 9 in Spellcasting
 10389 | D:10     | Noticed a manticore
 10596 | D:10     | Noticed MrCrawl's ghost (novice DsNe)
 10597 | D:10     | Noticed an orc knight
 10597 | D:10     | Noticed an ogre mage
 10622 | D:10     | Reached skill level 5 in Dodging
 10757 | D:10     | Killed a manticore
 10758 | D:10     | Reached XP level 11. HP: 68/84 MP: 0/0
 10758 | D:10     | Learned a level 5 spell: Blade Hands
 11129 | D:10     | Reached skill level 1 in Armour
 11485 | D:10     | Found an ornate altar of the Wu Jian Council.
 12355 | D:11     | Reached * piety under Ashenzari
 12391 | D:11     | Reached skill level 10 in Fighting
 12391 | D:11     | Reached skill level 10 in Spellcasting
 12547 | D:11     | Noticed Fannar
 12674 | D:11     | Noticed Grum
 12682 | D:11     | Killed Grum
 12683 | D:11     | Reached XP level 12. HP: 62/94 MP: 0/0
 12687 | D:11     | Killed Fannar
 12690 | D:11     | Noticed Harold
 13032 | D:11     | Found a staircase to the Lair.
 13060 | Lair:1   | Entered Level 1 of the Lair of Beasts
 13142 | D:11     | Reached skill level 5 in Armour
 13215 | D:11     | Killed Harold
 13509 | D:12     | Noticed a two-headed ogre
 13595 | D:11     | Reached ** piety under Ashenzari
 13827 | Lair:1   | Noticed Urug
 13833 | Lair:1   | Killed Urug
 15069 | Lair:2   | Found a dark tunnel.
 15076 | Volcano  | Entered a volcano
 15287 | Volcano  | Noticed a sun demon
 15539 | Lair:2   | Noticed a catoblepas
 15551 | Lair:2   | Killed a catoblepas
 15552 | Lair:2   | Reached skill level 11 in Spellcasting
 15577 | Lair:2   | Reached XP level 13. HP: 73/103 MP: 0/0
 15577 | Lair:2   | Learned a level 5 spell: Fireball
 16257 | Lair:2   | Found a hole to the Spider Nest.
 16264 | Spider:1 | Entered Level 1 of the Spider Nest
 16807 | Lair:3   | Noticed Snorg
 16953 | Lair:3   | Noticed an eight-headed hydra
 16958 | Lair:3   | Killed an eight-headed hydra
 17292 | Lair:3   | Killed Snorg
 17475 | Lair:3   | Found a staircase to the Swamp.
 17622 | Swamp:1  | Entered Level 1 of the Swamp
 17852 | Lair:4   | Noticed a five-headed hydra
 17884 | Lair:4   | Found a staircase to the Slime Pits.
 17885 | Lair:4   | Found a viscous altar of Jiyva.
 17896 | Slime:1  | Entered Level 1 of the Pits of Slime
 17896 | Slime:1  | Noticed a quicksilver ooze
 17896 | Slime:1  | Noticed a rockslime
 18168 | Lair:4   | Killed a five-headed hydra
 18477 | Lair:4   | Reached skill level 12 in Spellcasting
 18557 | Lair:4   | Noticed an eight-headed hydra
 18562 | Lair:4   | Killed an eight-headed hydra
 18801 | Lair:4   | Killed a rockslime
 19295 | Lair:5   | Entered Level 5 of the Lair of Beasts
 19304 | Lair:5   | Reached XP level 14. HP: 99/114 MP: 0/0
 20719 | Lair:5   | Reached skill level 13 in Spellcasting
 20994 | Lair:5   | Reached skill level 10 in Dodging
 21505 | Lair:5   | Reached XP level 15. HP: 102/122 MP: 0/0
 21505 | Lair:5   | Learned a level 6 spell: Death Channel
 21509 | Lair:5   | Reached skill level 15 in Fighting
 22910 | D:3      | Killed Grinder
 23632 | D:10     | Reached skill level 1 in Staves
 23644 | D:10     | Killed MrCrawl's ghost
 24263 | D:4      | Bought a +6 ring of intelligence for 468 gold pieces
 24263 | D:4      | Bought a ring of willpower for 325 gold pieces
 25199 | D:12     | Found a staircase to the Orcish Mines.
 25212 | Orc:1    | Entered Level 1 of the Orcish Mines
 25303 | Orc:1    | Found Oranued's Weapon Shoppe.
 25553 | Orc:2    | Entered Level 2 of the Orcish Mines
 25593 | Orc:2    | Reached skill level 1 in Evocations
 25936 | Orc:2    | Reached *** piety under Ashenzari
 26059 | Orc:2    | Found Nucex's Magic Scroll Emporium.
 26059 | Orc:2    | Found Okloot's Jewellery Shop.
 26061 | Orc:2    | Found Gidwam's Armour Shop.
 26061 | Orc:2    | Found Plog's Magic Scroll Emporium.
 26071 | Orc:2    | Bought a scroll of teleportation for 45 gold pieces
 26259 | Orc:2    | Found a staircase to the Elven Halls.
 26439 | Elf:1    | Entered Level 1 of the Elven Halls
 26794 | Spider:1 | Noticed Roxanne
 27181 | Spider:1 | Killed Roxanne
 27322 | Spider:1 | Identified the +2 hand axe "Wualainn" {flame, Will+}
 27521 | Spider:1 | Noticed a ghost moth
 27526 | Spider:1 | Killed a ghost moth
 27568 | Spider:1 | Reached XP level 16. HP: 132/135 MP: 0/0
 27730 | Spider:1 | Reached skill level 5 in Staves
 28169 | Spider:2 | Noticed an emperor scorpion
 28173 | Spider:2 | Killed an emperor scorpion
 28295 | Spider:2 | Reached skill level 5 in Evocations
 28312 | Spider:2 | Noticed Arachne
 28323 | Spider:2 | Killed Arachne
 28325 | Spider:2 | Noticed Azrael
 28675 | Spider:2 | Reached skill level 5 in Stealth
 28686 | Spider:2 | Killed Azrael
 29965 | Swamp:1  | Reached **** piety under Ashenzari
 30401 | Swamp:2  | Noticed a fenstrider witch
 30404 | Swamp:2  | Killed a fenstrider witch
 30485 | Swamp:2  | Noticed a thorn hunter
 30492 | Swamp:2  | Killed a thorn hunter
 30588 | Swamp:2  | Reached XP level 17. HP: 132/145 MP: 0/0
 30588 | Swamp:2  | Learned a level 7 spell: Summon Hydra
 30814 | Swamp:2  | Reached ***** piety under Ashenzari
 31057 | Orc:2    | Bought a +2 buckler of protection for 236 gold pieces
 32221 | Swamp:4  | Entered Level 4 of the Swamp
 32233 | Swamp:4  | Reached skill level 14 in Spellcasting
 32333 | Swamp:4  | Identified the +2 pair of boots of Cecer {rElec Str+3}
 32389 | Swamp:4  | Noticed Nikola
 32410 | Swamp:4  | Killed Nikola
 32418 | Swamp:4  | Noticed Louise
 32435 | Swamp:4  | Killed Louise
 32574 | Swamp:4  | Noticed Mara
 32580 | Swamp:4  | Noticed ketsa's illusion
 32867 | D:13     | Noticed Rupert
 32874 | D:13     | Killed Rupert
 33208 | D:13     | Noticed Nessos
 33217 | D:13     | Killed Nessos
 33396 | D:13     | Found a gate to the Vaults.
 33605 | D:13     | Identified the +3 quarterstaff of Firchyce {holy, Int+2}
 33887 | D:14     | Reached XP level 18. HP: 155/159 MP: 0/0
 34319 | D:14     | Reached skill level 1 in Polearms
 34319 | D:14     | Reached skill level 1 in Throwing
 34319 | D:14     | Reached XP level 19. HP: 166/166 MP: 0/0
 34319 | D:14     | Learned a level 6 spell: Plasma Beam
 34496 | D:14     | Identified the +3 hand axe "Zeckasai" {elec, Dex+3}
 34666 | D:15     | Entered Level 15 of the Dungeon
 34850 | D:15     | Found a broken altar of Ashenzari.
 35096 | D:15     | Identified the cursed +2 pair of gloves "At What Cost
                  | Knowledge?" {Self, Range} (You found it on level 5 of the
                  | Dungeon)
 35594 | D:15     | Found a staircase to the Depths.
 35822 | Depths:1 | Entered Level 1 of the Depths
 36326 | Swamp:4  | Killed Mara
 36327 | Swamp:4  | Reached skill level 15 in Spellcasting
 36751 | Orc:2    | Bought 3 scrolls of acquirement for 1872 gold pieces
 36753 | Orc:2    | Acquired 701 gold pieces
 36757 | Orc:2    | Acquired a manual of Stealth
 36761 | Orc:2    | Acquired 973 gold pieces
 36765 | Orc:2    | Bought a scroll of fog for 48 gold pieces
 36767 | Orc:2    | Bought a scroll of teleportation for 45 gold pieces
 36767 | Orc:2    | Bought a scroll of teleportation for 45 gold pieces
 37177 | Swamp:4  | Got a decaying rune of Zot
 38930 | Spider:4 | Entered Level 4 of the Spider Nest
 39070 | Spider:4 | Reached skill level 15 in Dodging
 39070 | Spider:4 | Reached XP level 20. HP: 154/176 MP: 0/0
 40007 | Spider:4 | Got a gossamer rune of Zot
 40610 | Elf:1    | Noticed Agnes
 40612 | Elf:1    | Killed Agnes
 40621 | Elf:1    | Paralysed by an air elemental for 1 turns
 41150 | Elf:1    | Paralysed by an air elemental for 1 turns
 41153 | Elf:1    | Paralysed by an air elemental for 1 turns
 41155 | Elf:1    | Paralysed by an air elemental for 1 turns
 41160 | Elf:1    | Paralysed by an air elemental for 1 turns
 41291 | Elf:1    | Identified the Codex of Mustering
 41392 | Elf:1    | Found a transporter.
 41404 | Elf:1    | Identified the +4 helmet "Docomag" {Will+}
 41410 | Elf:1    | Noticed Dataggej's ghost (adept MiBe)
 41438 | Elf:1    | Found a transporter.
 41511 | Elf:1    | Reached skill level 16 in Spellcasting
 41759 | Elf:2    | Noticed an Ice Fiend
 41763 | Elf:2    | Reached XP level 21. HP: 141/184 MP: 0/0
 41763 | Elf:2    | Learned a level 7 spell: Orb of Destruction
 42174 | Elf:2    | Acquired a manual of Staves
 42249 | Elf:2    | Found a runed translucent gate.
 42249 | Elf:2    | Found a runed translucent gate.
 42251 | Elf:2    | Found a runed translucent gate.
 42545 | Elf:3    | Entered Level 3 of the Elven Halls
 42788 | Elf:3    | Found Avuxteer's Book Boutique.
 43004 | Elf:3    | Found Cefeitto's Weapon Shoppe.
 43006 | Elf:3    | Found Viexke Loka's Magic Scroll Emporium.
 43008 | Elf:3    | Found Qaj Wous's Distillery.
 43014 | Elf:3    | Bought a scroll of fog for 76 gold pieces
 43014 | Elf:3    | Bought a scroll of teleportation for 57 gold pieces
 43014 | Elf:3    | Bought a scroll of teleportation for 57 gold pieces
 43016 | Elf:3    | Bought a potion of curing for 48 gold pieces
 43143 | Elf:3    | Identified the Tome of Inflammable Metamorphosis
 43222 | Elf:3    | Reached skill level 10 in Stealth
 43354 | Elf:3    | Reached skill level 10 in Staves
 43769 | Elf:3    | Identified the +5 sling "Jeuxiaba" {flame, rElec rPois rC+
                  | rCorr}
 43813 | Elf:3    | Identified the ring "Wiynkiq" {AC+4 Int+2}
 43819 | Elf:3    | Identified the staff of poison "Qonib" {rPois rCorr Dex+2}
 44181 | Elf:3    | Identified Mequts Ikhlih's Almanac of Distance and the
                  | Scorpion
 44201 | Elf:3    | Identified the Spellbook of Arcane Combat and Conflagration
 44230 | Elf:3    | Identified Asmodeus's Tome of the Barrage
 44230 | Elf:3    | Identified Najaqaot's Collected Works on the Charnel
                  | Crevasse
 44263 | Elf:3    | Identified the staff of air "Wasurolu" {rElec rF+ rN++
                  | Int-5 SInv}
 44778 | Vaults:1 | Entered Level 1 of the Vaults
 44989 | Vaults:1 | Noticed Zenata
 44995 | Vaults:1 | Killed Zenata
 45120 | Vaults:1 | Reached XP level 22. HP: 186/192 MP: 0/0
 45956 | Vaults:1 | Found Maptuoz's Antique Armour Shop.
 46939 | Vaults:2 | Reached skill level 17 in Spellcasting
 46958 | Vaults:2 | Found a staircase to the Crypt.
 47026 | Crypt:1  | Entered Level 1 of the Crypt
 47456 | Vaults:3 | Paralysed by a sphinx for 2 turns
 47677 | Vaults:3 | Found a runed translucent door.
 47679 | Vaults:3 | Noticed Wueresid's ghost (adept DEHW)
 47685 | Vaults:3 | Killed Wueresid's ghost
 48207 | Vaults:3 | Reached XP level 23. HP: 168/198 MP: 0/0
 48207 | Vaults:3 | Learned a level 8 spell: Disjunction
 48847 | Vaults:3 | Noticed Sojobo
 48850 | Vaults:3 | Paralysed by an air elemental for 1 turns
 49032 | Vaults:3 | Reached skill level 15 in Staves
 49082 | Vaults:3 | Killed Sojobo
 49869 | Vaults:4 | Reached skill level 18 in Spellcasting
 50109 | Vaults:4 | Identified the ring "Jaan" {rPois rN++ Will+ Str-2 Stlth+}
 50320 | Vaults:4 | Found Cuis's Weapon Shoppe.
 50591 | Vaults:5 | Entered Level 5 of the Vaults
 51086 | Crypt:1  | Found a basalt altar of Yredelemnul.
 51718 | Crypt:1  | Noticed Donald
 51721 | Crypt:1  | Killed Donald
 51916 | Crypt:1  | Reached XP level 24. HP: 178/204 MP: 0/0
 52516 | Crypt:2  | Identified the +7 mace "Lueme" {heavy, rF++ rN++ SInv}
 53389 | Crypt:3  | Entered Level 3 of the Crypt
 54021 | Crypt:3  | Reached skill level 19 in Spellcasting
 54308 | Crypt:3  | Found a staircase to the Tomb.
 54644 | Crypt:3  | Identified the staff of fire "Canuhorph" {+Blink rF+ rC-
                  | Int+7}
 54645 | Crypt:3  | Identified the +1 leather armour of Rid Vummai {+Blink MP+9
                  | Dex-2}
 54645 | Crypt:3  | Identified the Treatise on Bodies
 54646 | Crypt:3  | Identified the ring "Jobac" {rF+ rN+}
 54646 | Crypt:3  | Identified the staff of death "Agalicsoe" {rN+ Int+4}
 54646 | Crypt:3  | Identified the +0 pair of gloves "Cato" {rC- Will++ Regen+}
 54707 | Crypt:3  | Noticed a dread lich
 54707 | Crypt:3  | Noticed a dread lich
 54707 | Crypt:3  | Noticed an ancient lich
 54707 | Crypt:3  | Noticed a dread lich
 54707 | Crypt:3  | Noticed a curse toe
 54739 | Crypt:3  | Killed a curse toe
 54746 | Crypt:3  | Identified the amulet "Wusesics" {rF++ Regen+ Int+2}
 54902 | Crypt:3  | Killed a dread lich
 54909 | Crypt:3  | Killed a dread lich
 54914 | Crypt:3  | Killed an ancient lich
 54914 | Crypt:3  | Killed a dread lich
 55126 | Tomb:1   | Entered Level 1 of the Tomb of the Ancients
 55525 | Depths:1 | Found a portal to a secret trove of treasure.
 55707 | Depths:1 | Reached skill level 10 in Shields
 56004 | Depths:1 | Found Ryskiteu's Assorted Antiques.
 56069 | Depths:1 | Found Xetoskarr's Book Shop.
 56076 | Depths:1 | Found Posen's Antique Armour Shoppe.
 56076 | Depths:1 | Found Iduzerin's General Store.
 56090 | Depths:1 | Bought a scroll of teleportation for 42 gold pieces
 56224 | Depths:1 | Found a one-way gate leading to the halls of Pandemonium.
 56293 | Depths:1 | Found a gateway to Hell.
 56456 | Depths:2 | Identified the ring "Necsuv" {Ice rCorr Int+3}
 56456 | Depths:2 | Noticed Josephina
 56460 | Depths:2 | Killed Josephina
 56461 | Depths:2 | Reached XP level 25. HP: 132/211 MP: 0/0
 56461 | Depths:2 | Learned a level 9 spell: Polar Vortex
 57130 | Depths:2 | Gained mutation: Your spells are a little easier to cast,
                  | but a little less powerful. [a cacodemon]
 57348 | Depths:2 | Found an iron altar of Okawaru.
 58747 | Depths:4 | Entered Level 4 of the Depths
 58749 | Depths:4 | Noticed a juggernaut
 58751 | Depths:4 | Killed a juggernaut
 58794 | Depths:3 | Reached skill level 20 in Spellcasting
 59009 | Depths:3 | Found a one-way gate to the infinite horrors of the Abyss.
 59172 | Depths:3 | Found Biajy's Antique Weapon Shoppe.
 59312 | Depths:3 | Found Becvoboy's Book Emporium.
 59314 | Depths:3 | Found Miqata's Jewellery Boutique.
 59315 | Depths:3 | Found Locw's Book Emporium.
 59476 | Depths:4 | Identified the +1 ring mail "Qeemyry" {+Blink rC+ Dex-3}
 59482 | Depths:4 | Found a one-way gateway to a ziggurat.
 59495 | Depths:4 | Paralysed by a floating eye for 2 turns
 59499 | Depths:4 | Paralysed by a floating eye for 3 turns
 59504 | Depths:4 | Paralysed by a floating eye for 4 turns
 59506 | Depths:4 | Slain by a deep troll

Illustrated notes

Levels and vault maps discovered:
D:1:      heliophobic_arrival_battle_scene, layout_loops_ring,
          minmay_door_square, serial_park_tiny_1
D:2:      layout_loops_ring, uniq_jessica
D:3:      layout_rooms, shapermc_ecumenical_altar_hornbeckon, minivault_26,
          uniq_grinder, uniq_terence
D:4:      layout_loops_corners, serial_shops, shop, chequers_hall_statues_y,
          uniq_pargi
D:5:      minmay_bubble_buster, layout_basic, kennysheep_generic_room_5
D:6:      layout_basic, minmay_guarded_unrand_staff_of_olgreb
D:7:      layout_cave_pools, temple_pool_b, nicolae_shop_overcharged_wands
D:8:      layout_loops_cross, nicolae_wwwww, dreamdust_princess_corridor
D:9:      layout_basic, uniq_maurice
D:10:     layout_rooms, mainiacjoe_overflow_surrounded_room, serial_rivers,
          chequers_serial_rivers_micro_c, chequers_serial_rivers_large_a,
          chequers_serial_rivers_micro_e, chequers_serial_rivers_room_a,
          chequers_serial_rivers_micro_c, ebering_ghost_gozag,
          hangedman_abyss_or_decor_jellyfish_corner
D:11:     layout_cave_pools, grunt_lair_entry_orc_guard_hut, serial_undead,
          serial_undead_e, serial_undead_f, serial_undead_f, serial_undead_e,
          roderic_lattice_a, minivault_11, uniq_fannar, uniq_grum, uniq_harold
D:12:     layout_loops_cross, david_orc_4
D:13:     layout_basic, erik_vaults_2, uniq_nessos, uniq_rupert
D:14:     layout_loops_ring
D:15:     hangedman_depths_entry_try_elsewhere_first, layout_long_grid,
          basic_altar
Temple:   mainiacjoe_temple_circle_huts
Lair:1:   layout_loops_ring, serial_forest, infiniplex_forest_diagonal,
          infiniplex_forest_lined_2, infiniplex_forest_end_3,
          infiniplex_forest_lined_corner, infiniplex_forest_clump_long,
          infiniplex_forest_clump_medium, infiniplex_forest_clump_tiny,
          infiniplex_forest_end_1, infiniplex_forest_lined_room_2,
          serial_bayou_shore_b, uniq_urug
Lair:2:   layout_chaotic_city, nicolae_spider_entry_non_spiders,
          nicolae_volcano_entry_s_turn, serial_bayou_shore_b
Lair:3:   layout_misc_corridors, nicolae_swamp_entry_splash_gauntlet, uniq_snorg
Lair:4:   layout_roguey, slime_entry_1, serial_bayou_pond_d
Lair:5:   minmay_lair_end_enchanted_forest, layout_hall_layers
Swamp:1:  layout_basic_swamp, nicolae_swamp_decorative_isthmus, swamp_pool4,
          nicolae_swamp_triple_paths
Swamp:2:  layout_basic_swamp, evilmike_swamp_ruin_house_4, swamp_pool3
Swamp:3:  layout_basic_swamp, evilmike_swamp_ruin_house_5, swamp_pool1
Swamp:4:  swamp_basic_johnstein, layout_basic_swamp, swamp_pool1,
          infiniplex_staircase_pool, uniq_mara, uniq_louise, uniq_nikola
Spider:1: layout_spider_delve, uniq_roxanne
Spider:2: layout_spider_delve, uniq_azrael, uniq_arachne
Spider:3: layout_chambers, drop_trap, nicolae_spider_nooks_and_crannies
Spider:4: johnstein_spider_rune_arachne_lair
Slime:1:  layout_caves
Orc:1:    layout_diamond_mine, serial_shops, shop
Orc:2:    grunt_orc_tribal_feast, layout_caves, rock_pile
Elf:1:    nicolae_elf_arrival_no_cutting_in_line, layout_geoelf_octagon,
          gammafunk_ghost_berserking_beasts, serial_shops, bzr_entry_road,
          minmay_elf_demonology, hangedman_elven_ridges, grunt_ministairs_15,
          uniq_agnes
Elf:2:    nicolae_elf_blades_splatter_lattice [nicolae_blade_entry_antechamber],
          layout_loops_cross
Elf:3:    grunt_elf_hall_branching, layout_gridlike, serial_shops,
          nicolae_book_shop_shelving, minmay_misc_feat_cross,
          nicolae_elf_shapeshifter_party, minmay_shop_star
Vaults:1: nicolae_vaults_shelves_hall, nicolae_vaults_hexular_roomagon,
          vaults_room_hangedman_quadrants, nicolae_vaults_variable_pillar_hall,
          grunt_vaults_diagonal, v_rooms_4, vaults_mumra_hexcomb,
          nicolae_vaults_house_2, nicolae_vaults_more_shelving_1,
          vaults_mumra_minichess, nicolae_vaults_twisting_passages,
          nicolae_vaults_octothorpe, vaults_room_pool,
          nicolae_vaults_sesquioval_fish, ontoclasm_vaults_bender,
          layout_vaults_omnibox, serial_shops, shop, uniq_zenata
Vaults:2: nicolae_vaults_trapezoid_lopsided_3, nicolae_vaults_murderbox,
          hangedman_vaults_cutoff, minmay_crypt_entry_simple_corners,
          grunt_vaults_funnel, nicolae_vaults_surprise_closet,
          nicolae_vaults_sightless_eye, v_pattern_4, v_misc_30,
          hangedman_vaults_impose, layout_vaults_omnigrid
Vaults:3: ebering_ghost_reflecting_pool, nicolae_vaults_shipping_containers_4,
          v_rooms_5, nicolae_vaults_little_squares_1, v_misc_19, v_misc_26,
          nicolae_vaults_offset_grid_hallway_2, v_rooms_3, ontoclasm_vaults_eye,
          nicolae_vaults_hexular_roomagon, nicolae_vaults_mini_display_case,
          layout_vaults_chaotic_city, uniq_sojobo
Vaults:4: vaults_standard_mumra_lines, nicolae_vaults_security_offices_4,
          v_misc_27, nicolae_vaults_storage_closets_3, nicolae_vaults_tangram_1,
          grunt_vaults_trifunnel, hangedman_vaults_hat, v_misc_31,
          ontoclasm_vaults_pinch, nicolae_vaults_apartment_1,
          layout_vaults_ring, serial_shops, shop
Vaults:5
Crypt:1:  layout_misc_corridors, basic_altar, feat_on_display,
          grunt_crypt_arrival_split, uniq_donald
Crypt:2:  layout_regular_city, chequers_big_river, tombwall_bobbens, uniq_grunn
Crypt:3:  david_glass_crypt, layout_basic
Tomb:1
Depths:1: layout_gridlike, rand_demon_pan_entry_1, enter_trove_2, serial_shops,
          kennysheep_mini, shop, pf_hell_entry_great_geh,
          kennysheep_decorative_pillar, kiku_gazebo_pond_becter,
          minmay_shoptagon
Depths:2: hangedman_elemental_death_ray, layout_honeycomb,
          grunt_pan_entry_spiral, hell_entry, okawaru_gym_becter,
          grunt_megastairs_4, minmay_staircase_statues_hall_small,
          uniq_josephina, uniq_aizul
Depths:3: dreamdust_cat_pyramid, layout_gridlike, abyss_entry, serial_shops,
          nicolae_diamond_shop, hell_entry, infiniplex_staircase_zigzag_1,
          kennysheep_donut, minmay_shop_grove
Depths:4: grunt_zot_entry_pinwheel, layout_gridlike, enter_ziggurat_d,
          pf_hell_entry_tar_spiral, chequers_serial_rivers_small_3,
          minmay_misc_feat_hallway, uniq_vv

Skill      XL: |  1  2  3  4  5  6  7  8  9 10 11 12 13 14 15 16 17 18 19 20 21 22 23 24 25 |
---------------+----------------------------------------------------------------------------+-----
Spellcasting   | 4 5 6 7 8 9 10 11 12 13 14 15 16 17 18 19 20 | 20.0
Fighting       | 4 7 8 10 11 13 14 15 16 17 18 19 | 19.0
Shields        | 1 5 7 10 12 | 12.6
Dodging        | 3 5 7 8 10 11 13 15 16 17 19 | 19.0
Armour         | 4 6 8 |  8.4
Staves         | 4 7 12 14 15 | 15.0
Evocations     | 4 7 8 |  8.6
Stealth        | 2 5 8 12 13 | 13.9
Polearms       | 1 |  1.1
Throwing       | 1 4 |  4.3

Action                     |  1- 3 |  4- 6 |  7- 9 | 10-12 | 13-15 | 16-18 | 19-21 | 22-24 | 25-27 || total
---------------------------+-------+-------+-------+-------+-------+-------+-------+-------+-------++-------
  Melee: Short sword       |       |       |       |    26 |    24 |       |       |       |       ||    50
         Staff             |       |       |       |       |     7 |    77 |   155 |   176 |    18 ||   433
         Unarmed           |       |       |       |       |       |       |     6 |     3 |       ||     9
         Punch             |       |       |       |       |       |       |       |     2 |       ||     2
   Cast: Magic Dart        |    59 |    61 |    95 |   150 |    92 |    22 |     3 |     3 |       ||   485
         Searing Ray       |       |    12 |    74 |    81 |    31 |     6 |       |       |       ||   204
         Fulminant Prism   |       |     1 |    14 |    78 |    95 |    51 |    25 |    17 |     7 ||   288
         Ensorcelled Hiber |       |       |     1 |       |       |       |       |       |       ||     1
         Summon Lightning  |       |       |       |    28 |    26 |    15 |     4 |     5 |     2 ||    80
         Iskenderun's Myst |       |       |       |     1 |    32 |    13 |     3 |    25 |     3 ||    77
         Fireball          |       |       |       |       |   272 |   145 |    35 |    76 |     4 ||   532
         Death Channel     |       |       |       |       |       |    11 |    11 |     2 |       ||    24
         Slow              |       |       |       |       |       |     1 |       |     1 |       ||     2
         Summon Hydra      |       |       |       |       |       |    48 |    92 |    34 |     1 ||   175
         Plasma Beam       |       |       |       |       |       |       |   240 |   405 |   150 ||   795
         Blade Hands       |       |       |       |       |       |       |     2 |     3 |       ||     5
         Orb of Destructio |       |       |       |       |       |       |     6 |    43 |    13 ||    62
         Disjunction       |       |       |       |       |       |       |       |     2 |       ||     2
         Polar Vortex      |       |       |       |       |       |       |       |       |     3 ||     3
 Invoke: Curse Item        |       |       |       |     3 |     2 |     3 |       |       |       ||     8
         Shatter the Chain |       |       |       |       |       |     1 |       |       |       ||     1
Ability: Evoke the Staff o |       |       |       |       |       |     4 |       |       |       ||     4
    Use: Scroll            |       |     2 |     6 |     8 |     4 |     5 |     6 |     4 |       ||    35
         Potion            |       |       |     1 |     2 |     2 |     2 |       |     1 |     1 ||     9
   Stab: Distracted        |       |       |       |     2 |       |       |     5 |     1 |     1 ||     9
         Sleeping          |       |       |       |       |     1 |       |     1 |     6 |       ||     8
 Armour: Robe              |     2 |     1 |    11 |    11 |       |       |       |       |       ||    25
         Acid dragon scale |       |       |       |    55 |    53 |    60 |   100 |    94 |    25 ||   387
  Dodge: Dodged            |     6 |    16 |    63 |   207 |   137 |    98 |   156 |   128 |    43 ||   854
  Block: Buckler           |       |       |       |    53 |    40 |    46 |    70 |    74 |    27 ||   310
